[Event "IV Torneo de Semana Santa"]
[Site "Los Llanos de Aridane"]
[Date "2019.04.17"]
[Round "7.9"]
[White "Leon Varela, Luis"]
[Black "Rodriguez Falcon, Jesus Manuel"]
[Result "1-0"]
[ECO "A34"]
[WhiteElo "2154"]
[BlackElo "1936"]
[Annotator "NA"]
[PlyCount "64"]
[EventDate "2019.04.13"]
[EventType "swiss"]
[EventCountry "ESP"]
[SourceTitle "playchess.com"]
[Source "ChessBase"]
[SourceQuality "1"]
[TimeControl "5400+30"]

1. Nf3 c5 2. g3 g6 3. c4 Bg7 4. Nc3 b6 5. b3 Bb7 6. Bg2 d6 7. Bb2 Nc6 8. O-O Nh6 9. e3 O-O 10. d4 a6 11. Qd2 Nf5 12. d5 Ne5 $16 13. Nxe5 dxe5 14. Qe2 Qc7 15. Rad1 Rad8 16. Ne4 h6 17. Rde1 Kh7 18. h4 Nd6 19. h5 Nf5 20. g4 Nh4 21. Bh1 f5 22. hxg6+ Nxg6 23. gxf5 Rxf5 24. Ng3 Rg5 25. Be4 Bc8 26. Kg2 Kg8 27. Rh1 Bg4 28. Qc2 Qd6 29. Reg1 Rf8 30. Kf1 Bf3 31. Bxf3 Rxf3 32. Ne4 Rf8 1-0